 Dungeon Crawl Stone Soup version 0.25.0-1-g7eea58d2a3 (webtiles) character file.

Game seed: 944061487839024298

133 Anathary the Firebug (level 4, -2/30 HPs)
             Began as a Demonspawn Fire Elementalist on June 14, 2020.
             Killed by divine providence
             ... invoked by an orc priest
              (17 damage)
             ... on level 3 of the Dungeon.
             The game lasted 00:14:15 (2656 turns).

Anathary the Firebug (Demonspawn Fire Elementalist) Turns: 2656, Time: 00:14:17

Health: -2/30      AC:  3    Str:  8    XL:     4   Next: 93%
Magic:  2/8        EV: 12    Int: 17    God:
Gold:   91         SH:  0    Dex: 14    Spells: 8/9 levels left

rFire    + . .     SeeInvis .   h - +0 whip (curse)
rCold    . . .     Gourm    .   (no shield)
rNeg     . . .     Faith    .   a - +0 robe
rPois    .         Spirit   .   (helmet restricted)
rElec    .         Reflect  .   g - +0 cloak
rCorr    .         Harm     .   (no gloves)
MR       .....                  (no boots)
Stlth    ++........             (no amulet)
HPRegen  0.10/turn              (no ring)
MPRegen  0.11/turn              (no ring)

@: no status effects
A: horns 1, fire resistance 1
a: no special abilities


You were on level 3 of the Dungeon.
You were not hungry.

You visited 1 branch of the dungeon, and saw 3 of its levels.

You collected 91 gold pieces.

Inventory:

Hand Weapons
 h - a cursed +0 whip (weapon)
Armour
 a - a +0 robe (worn)
 g - a +0 cloak (worn)
Jewellery
 f - an uncursed amulet of reflection {unknown}
 i - an uncursed amulet of the acrobat {unknown}
Scrolls
 b - 2 scrolls of remove curse {unknown}
 l - a scroll of immolation {unknown}
 n - a scroll of fear {unknown}
 o - a scroll of magic mapping {unknown}
 p - 2 scrolls of identify {unknown}
Potions
 d - a potion of degeneration {unknown}
 e - a potion of curing {unknown}
 j - 2 potions of heal wounds {unknown}
 m - a potion of mutation {unknown}
Comestibles
 c - 5 rations
 k - 6 chunks of flesh


   Skills:
 - Level 0.2 Fighting
 + Level 0.7 Maces & Flails
 - Level 2.0 Dodging
 - Level 1.7 Stealth
 + Level 3.2 Spellcasting
 + Level 2.2 Conjurations
 + Level 3.6 Fire Magic


You had 8 spell levels left.
You knew the following spells:

 Your Spells              Type           Power        Failure   Level  Hunger
a - Foxfire               Conj/Fire      ##..         4%          1    None

Your spell library contained the following spells:

 Spells                   Type           Power        Failure   Level  Hunger
 Conjure Flame            Conj/Fire      ##......     16%         3    ###....
 Inner Flame              Hex/Fire       #.......     24%         3    ###....
 Sticky Flame             Conj/Fire      ##......     45%         4    ####...
 Fireball                 Conj/Fire      ##........   80%         5    ######.


Dungeon Overview and Level Annotations

Branches:
Dungeon (3/15)

Altars:


Innate Abilities, Weirdness & Mutations

You have a pair of small horns on your head.
Your flesh is heat resistant. (rF+)


Message History

The foxfire hits the orc.
You kill the orc!
Casting: Foxfire (safe; 4% risk of failure)
Confirm with . or Enter, or press ? or * to list all spells.
You conjure some foxfire!
The foxfire hits the orc priest but does no damage. x2
Casting: Foxfire (safe; 4% risk of failure)
Confirm with . or Enter, or press ? or * to list all spells.
You conjure some foxfire!
The foxfire hits the orc priest.
The orc priest is lightly wounded.
The foxfire hits the orc priest.
The orc priest is lightly wounded.
Casting: Foxfire (safe; 4% risk of failure)
Confirm with . or Enter, or press ? or * to list all spells.
You conjure some foxfire!
The orc priest mumbles some strange prayers to Beogh against you.
Beogh smites you!
Ouch! That really hurt!
You die...

#.......#...
#÷)......
####.#....(.
#..†.#####.# .
♣.♣♣.....#.# .. ♣.)
♣÷.....)###.# ♣♣o
♣.o........>. ♣.
♣.§v........ P.
♣.@§....###########
♣o
♣.v................
♣.
♣#......###......##
######## #......##
#......## #......##
#........ ###.#####
#.# #


You could see an orc priest.

Vanquished Creatures
  An orc priest (D:3)
  2 adders (D:2)
  4 dart slugs
  2 worms
  A leopard gecko (D:2)
  2 orcs (D:3)
  A ball python (D:1)
  5 bats
  7 giant cockroaches
  2 goblins
  11 hobgoblins
  6 jackals
  A quokka (D:2)
  6 frilled lizards
  6 kobolds
  5 rats
62 creatures vanquished.

Vanquished Creatures (collateral kills)
  A goblin (D:1)
  A rat (D:1)
2 creatures vanquished.

Vanquished Creatures (others)
  149 foxfires
149 creatures vanquished.

Grand Total: 213 creatures vanquished

Notes
Turn   | Place    | Note
-------+----------+-------------------------------------------
     0 | D:1      | Anathary the Demonspawn Fire Elementalist began the quest
                  | for the Orb.
     0 | D:1      | Reached XP level 1. HP: 13/13 MP: 3/3
   298 | D:1      | Gained mutation: You have a pair of small horns on your
                  | head. [demonic ancestry]
   298 | D:1      | Reached XP level 2. HP: 19/19 MP: 3/5
  1035 | D:1      | Gained mutation: Your flesh is heat resistant. (rF+)
                  | [demonic ancestry]
  1035 | D:1      | Reached XP level 3. HP: 20/24 MP: 6/6
  2062 | D:2      | Reached XP level 4. HP: 30/30 MP: 5/8
  2656 | D:3      | Killed from afar by an orc priest

Illustrated notes

Levels and vault maps discovered:
D:1:      minmay_arrival_solitary_statue, layout_loops_corners,
          minmay_misc_feat_roman, hangedman_glass_teeth, minmay_cupped
D:2:      layout_loops_ring
D:3:      layout_basic, serial_forest, infiniplex_forest_lined_3_way,
          infiniplex_forest_lined_room_, infiniplex_forest_straight_5,
          infiniplex_forest_pool, infiniplex_forest_end_double

Skill      XL: |  1  2  3  4 |
---------------+-------------+-----
Fire Magic     | 3 |  3.6
Dodging        | 2 |  2.0
Spellcasting   | 3 |  3.2
Conjurations   | 2 |  2.2
Fighting       | |  0.2
Maces & Flails | |  0.7
Stealth        | |  1.7

Action                   |  1- 3 |  4- 6 || total
-------------------------+-------+-------++-------
Melee: Unarmed           |    14 |       ||    14
       Whip              |    41 |     5 ||    46
       Headbutt          |     4 |     1 ||     5
 Cast: Foxfire           |    61 |    32 ||    93
  Eat: Ration            |     1 |       ||     1
       Chunk             |     1 |     1 ||     2
Armor: Robe              |    10 |       ||    10
Dodge: Dodged            |    52 |     7 ||    59
